 Dungeon Crawl Stone Soup version 0.21-a0-70-g32e1473 (webtiles) character file.

459 Manul the Slasher (level 7, 0/41 HPs)
             Began as a Tengu Gladiator on June 18, 2017.
             Slain by Grinder (3 damage)
             ... on level 3 of the Dungeon.
             The game lasted 00:02:57 (2420 turns).

Manul the Slasher (Tengu Gladiator)                 Turns: 2420, Time: 00:02:59

Health: 0/41       AC:  5    Str: 14    XL:     7   Next: 6%
Magic:  8/8        EV: 13    Int:  9    God:
Gold:   169        SH:  0    Dex: 17    Spells: 6/6 levels left

rFire    . . .     SeeInvis .   q - +1 scythe (venom)
rCold    . . .     Gourm    .   (shield currently unavailable)
rNeg     . . .     Faith    .   e - +0 ring mail
rPois    .         Spirit   .   c - +0 hat
rElec    .         Reflect  .   (no cloak)
rCorr    .         Harm     .   (no gloves)
MR       .....                  (boots unavailable)
Stlth    +.........             l - amulet of rage
HPRegen  0.13/turn              (no ring)
MPRegen  0.11/turn              (no ring)

@: no status effects
A: beak, talons 3, able to fly 1
a: Fly, Evoke Berserk Rage


You were on level 3 of the Dungeon.
You were not hungry.

You visited 1 branch of the dungeon, and saw 3 of its levels.

You collected 169 gold pieces.

Inventory:

Hand Weapons
 a - a +0 long sword
 q - a +1 scythe of venom (weapon)
Missiles
 d - 4 throwing nets (quivered)
Armour
 b - a +0 leather armour
 c - a +0 hat (worn)
 e - a +0 ring mail (worn)
Jewellery
 l - an amulet of rage (around neck)
Wands
 n - a wand of clouds (2/9)
Scrolls
 h - a scroll of noise {unknown}
 j - 2 scrolls of blinking {unknown}
 k - a scroll of magic mapping {unknown}
 m - 4 scrolls of identify {unknown}
 p - a scroll of enchant armour {unknown}
Comestibles
 f - 2 bread rations
 g - 4 chunks of flesh
 i - 2 meat rations


   Skills:
 + Level 3.3 Fighting
 + Level 6.2 Long Blades
 + Level 0.4 Polearms
 + Level 2.4 Throwing
 + Level 2.8 Armour
 + Level 4.2 Dodging
 + Level 0.7 Stealth
 + Level 0.8 Evocations


You had 6 spell levels left.
You didn't know any spells.

Dungeon Overview and Level Annotations

Branches:
Dungeon (3/15)

Altars:
Dithmenos
Makhleb
Uskayaw
Zin

Annotations:
D:3 Grinder


Innate Abilities, Weirdness & Mutations

You have a beak for a mouth.
You have claws for feet.
You can fly.


Message History

You create a blast of noxious fumes!
Evoking this partially-identified wand wasted a few charges.
You are too injured to fight recklessly!
You hit Grinder.
Grinder is severely wounded.
Grinder hits you.
You writhe in agony.
Grinder hits you.
* * * LOW HITPOINT WARNING * * *
You writhe in agony.
* * * LOW HITPOINT WARNING * * *
Unknown command.
Attack whom?
Press: ? - help, Dir - move target cursor, f/p - Grinder
Aim: Grinder (noxious fumes, heavily wounded)
You closely miss Grinder.
Grinder is heavily wounded.
Grinder grins, showing sharp teeth.
Grinder hits you.
* * * LOW HITPOINT WARNING * * *
You writhe in agony.
You die...

............# #........#.##.##.
............# #...........#.##.
............# #.........#.#.##.
............#####.........#.#.###
.........................##.#....
...................########...###
#########..........# ##....#
#..........# ###..#.#
#.......@..# #...>.).
#.......5..# #####.##.#.#
#......§§§.# #.....##.#..
#......§§§.# #........###
.....§§§§§# #.....####
########### #.....# #.....#
#.....# #.....#


You could see Grinder.

Vanquished Creatures
  Sigmund (D:3)
  A bullfrog zombie (D:3)
  An orc wizard (D:3)
  Natasha (thrice) (D:2)
  A worker ant zombie (D:3)
  3 gnolls (D:2)
  7 adders
  A dart slug (D:1)
  8 orcs
  5 bats
  3 giant cockroaches
  4 goblins
  8 hobgoblins
  3 kobolds
  2 quokkas (D:3)
  3 frilled lizards
  5 rats
59 creatures vanquished.

Notes
Turn   | Place    | Note
-------+----------+-------------------------------------------
     0 | D:1      | Manul the Tengu Gladiator began the quest for the Orb.
     0 | D:1      | Reached XP level 1. HP: 12/12 MP: 2/2
   460 | D:1      | Reached XP level 2. HP: 17/17 MP: 3/3
  1014 | D:2      | Reached XP level 3. HP: 19/21 MP: 4/4
  1266 | D:2      | Reached skill level 4 in Long Blades
  1375 | D:2      | Reached skill level 1 in Armour
  1375 | D:2      | Reached XP level 4. HP: 27/27 MP: 5/5
  1405 | D:2      | Noticed Natasha
  1410 | D:2      | Killed Natasha
  1410 | D:2      | Gained mutation: You can fly. [Tengu growth]
  1410 | D:2      | Reached XP level 5. HP: 31/31 MP: 6/6
  1478 | D:2      | Noticed Natasha
  1480 | D:2      | Killed Natasha
  1487 | D:2      | Noticed Natasha
  1493 | D:2      | Killed Natasha
  1493 | D:2      | Reached skill level 5 in Long Blades
  1572 | D:2      | Found a shadowy altar of Dithmenos.
  1572 | D:2      | Found a faded altar of an unknown god.
  1580 | D:2      | Found a hide-covered altar of Uskayaw.
  1582 | D:2      | Found a glowing silver altar of Zin.
  1585 | D:2      | Found a burning altar of Makhleb.
  1853 | D:3      | Reached XP level 6. HP: 32/37 MP: 7/7
  2246 | D:3      | Noticed Sigmund
  2261 | D:3      | Killed Sigmund
  2261 | D:3      | Reached skill level 6 in Long Blades
  2261 | D:3      | Reached XP level 7. HP: 41/41 MP: 8/8
  2409 | D:3      | Noticed Grinder
  2420 | D:3      | Slain by Grinder

Vault maps used:
D:1:      minmay_arrival_three_doors
D:2:      chequers_temple_overflow_minitemple, first_bread, uniq_natasha
D:3:      uniq_grinder, uniq_sigmund

Skill      XL: |  1  2  3  4  5  6 |
---------------+-------------------+-----
Long Blades    | 4 5 6 |  6.2
Armour         | 1 2 |  2.8
Dodging        | 4 |  4.2
Fighting       | 3 |  3.3
Polearms       | |  0.4
Throwing       | |  2.4
Stealth        | |  0.7
Evocations     | |  0.8

Action                   |  1- 3 |  4- 6 |  7- 9 || total
-------------------------+-------+-------+-------++-------
Melee: Long sword        |    56 |    81 |       ||   137
       Kick              |    16 |    29 |     3 ||    48
       Peck              |    12 |    14 |     3 ||    29
       Scythe            |       |       |    19 ||    19
 Abil: Evoke Berserk Rag |     1 |       |       ||     1
Evoke: Wand              |       |     1 |     1 ||     2
  Use: Potion            |     2 |       |     1 ||     3
 Stab: Sleeping          |       |       |     1 ||     1
  Eat: Chunk             |     1 |     4 |     1 ||     6
Armor: Ring mail         |    19 |    22 |     3 ||    44
Dodge: Dodged            |    32 |    53 |    13 ||    98
       Rpst.: Long sword |    11 |    16 |       ||    27
